 Dungeon Crawl Stone Soup version 0.31-a0-662-g684573625c (webtiles) character file.

Game seed: 3116345796520148066

2 GordonOverkill the Sneak (level 1, 0/19 HPs)
             Began as an Armataur Delver on Sept 1, 2023.
             Was an Initiate of Trog.
             Killed from afar by an orc wizard (6 damage)
             ... with a magic dart
             ... on level 5 of the Dungeon.
             The game lasted 00:01:53 (337 turns).

GordonOverkill the Sneak (Armataur Delver)           Turns: 337, Time: 00:01:53

Health: 0/19       AC:  4    Str: 17    XL:     1   Next: 25%
Magic:  1/1        EV:  9    Int: 10    God:    Trog [......]
Gold:   17         SH:  0    Dex: 11    Spells: 0/0 levels left

rFire   . . .        l - +0 flail
rCold   . . .        (no shield)
rNeg    . . .        b - +0 leather armour
rPois   .            (no helmet)
rElec   .            (no cloak)
rCorr   .            (no gloves)
SInv    .            (no barding)
Will    .....        (no amulet)
Stlth   +++          (no ring)
HPRegen 0.23/turn    (no ring)
MPRegen 0.07/turn

%: roll
@: attractive
A: large, rugged brown scales 3, deformed body, armoured tail, roll, long
tongue, awkward tongue
a: Renounce Religion


You were on level 5 of the Dungeon.
You worshipped Trog.
Trog was noncommittal.
You visited 2 branches of the dungeon, and saw 4 of its levels.

You collected 17 gold pieces.

Inventory:

Hand Weapons
 l - a +0 flail (weapon)
Armour
 b - a +0 leather armour (worn)
Talismans
 k - a beast talisman
Wands
 g - a wand of digging (3)
Scrolls
 c - a scroll of fog
 d - a scroll of revelation
Potions
 f - a potion of haste
 h - a potion of invisibility {unknown}
 i - a potion of attraction


   Skills:
 + Level 2.8 Fighting
 - Level 1.7 Maces & Flails
 - Level 1.3 Dodging
 - Level 5.4 Stealth


You couldn't memorise any spells.
You didn't know any spells.
Your spell library was empty.

Dungeon Overview and Level Annotations

Branches:
Dungeon (7/15)             Temple (1/1) D:7

Altars:
Cheibriados
Elyvilon
Gozag
Kikubaaqudgha
Makhleb
Nemelex Xobeh
Okawaru
Qazlal
Trog
Vehumet
Wu Jian
Yredelemnul
The Shining One

Annotations:
D:5 Prince Ribbit


Innate Abilities, Weirdness & Mutations

You are completely covered in rugged brown scales. (AC +3, +7% HP)
Armour fits poorly on your strangely shaped body.
You have a long armoured tail.
You roll when moving toward enemies. (Rampage)
Your long tongue fully drains potion bottles. (2x potion effects)
Your tongue gives you trouble enunciating. (1.5x scroll delay)


Message History

The orc wizard shouts!
The orc shouts!
You hear a shout!
You hear an angry hiss.
The orc hits you with a +0 short sword.
* * * LOW HITPOINT WARNING * * *
The orc attacks as it pursues you! The orc hits you but does no damage.
The orc attacks as it pursues you! The orc closely misses you.
The orc wizard mumbles some strange words.
The orc wizard flickers and vanishes!
Deactivating autopickup; reactivate with Ctrl-A.
You see here 17 gold pieces.
You hit the orc but do no damage. The orc barely misses you.
You closely miss the orc.
Your tail-slap misses the orc.
The orc hits you but does no damage.
You hit the orc.
The orc is almost dead.
The orc barely misses you.
An iguana comes into view.
The orc hits you with a +0 short sword.
* * * LOW HITPOINT WARNING * * *
You hit the orc.
You kill the orc!
Trog accepts your kill.
Something unexpectedly blocked you, preventing you from rolling!
You miss something. Something hits you.
* * * LOW HITPOINT WARNING * * *
Something unexpectedly blocked you, preventing you from rolling!
You hit something but do no damage.
Something hits you but does no damage. x2
Something unexpectedly blocked you, preventing you from rolling!
You closely miss something. Something hits you.
* * * LOW HITPOINT WARNING * * *
Something unexpectedly blocked you, preventing you from rolling!
You hit something but do no damage. Something hits you.
* * * LOW HITPOINT WARNING * * *
It was a potion of attraction.
You feel attractive to monsters.
You slurp down every last drop of the potion of attraction!
You hear some strange, mumbled words.
A magic dart appears from out of thin air!
The magic dart hits you.
You die...

##.######
........#
#@# #{#
#o# #o#
#.#.####l#
.........#
......o#.#
#.#.##.###
# #.


You could see an iguana and 2 orcs.

Vanquished Creatures
  An orc (D:5)
1 creature vanquished.

Notes
Turn   | Place    | Note
-------+----------+-------------------------------------------
     0 | D:5      | GordonOverkill the Armataur Delver began the quest for the
                  | Orb.
     0 | D:5      | Reached XP level 1. HP: 19/19 MP: 1/1
    27 | D:7      | Found a staircase to the Ecumenical Temple.
    33 | Temple   | Entered the Ecumenical Temple
    58 | Temple   | Became a worshipper of Trog the Wrathful
   130 | D:6      | Noticed a jelly
   141 | D:5      | Noticed a hound
   277 | D:5      | Noticed Prince Ribbit
   277 | D:5      | Noticed an iguana
   323 | D:5      | Noticed an orc wizard
   331 | D:5      | Noticed an iguana
   337 | D:5      | Killed from afar by an orc wizard

Illustrated notes

Levels and vault maps discovered:
D:5:      layout_basic, uniq_ijyb, uniq_prince_ribbit1, uniq_pikel
D:6:      layout_basic, nicolae_hepliaklqana_hippocampus, led_xom_imps
D:7:      layout_loops_cross, kennysheep_mini_moat, minmay_temple_entry_mist,
          corexii_leaking_fountain, minmay_misc_feat_square
Temple:   oiseaux_autumnal_temple

Action                     || total
---------------------------++-------
  Melee: Flail             ||    12
    Use: Scroll            ||     2
         Potion            ||     1
 Armour: Leather armour    ||    18
  Dodge: Dodged            ||     6

Table legend: (Time is in decaauts)
 A = Elapsed time spent in this place.
 B = Non-inter-level travel time spent in this place.
 C = Inter-level travel time spent in this place.
 D = Time resting spent in this place.
 E = Time spent auto-exploring this place.
 F = Levels seen in this place.
 G = Mean time per level.
                   A        B        C        D        E       F      G
               +--------+--------+--------+--------+--------+-----+--------+
         Total |    342 |    279 |     63 |      0 |      0 |   4 |   85.5 |
       Dungeon |    291 |    276 |     15 |      0 |      0 |   3 |   97.0 |
        Temple |     50 |      2 |     48 |      0 |      0 |   1 |   50.0 |
               +--------+--------+--------+--------+--------+-----+--------+

Top non-repeatable levels by time:
     D:5: 202 daAuts
  Temple: 50 daAuts
     D:7: 50 daAuts
     D:6: 38 daAuts
